MLB
MIAMI MARLINS @ SAN FRANCISCO GIANTS
08/09/2044
 
TOP OF THE 1ST
Miami Marlins batting - Pitching for San Francisco Giants : RHP Curt Howland
Pitching: RHP Curt Howland
Batting: RHB Jeff Garofalo 0-0: Called Strike
0-1: Swinging Strike
0-2: Strikes out looking
Batting: RHB Micah Christopher 0-0: Called Strike
0-1: Ball
1-1: Foul Ball, location: 2F
1-2: Strikes out swinging
Batting: LHB Andre Gorter 0-0: Swinging Strike
0-1: Foul Ball, location: 2F
0-2: Strikes out swinging
Top of the 1st over - 0 runs, 0 hits, 0 errors, 0 left on base; Miami 0 - San Francisco 0
BOTTOM OF THE 1ST
San Francisco Giants batting - Pitching for Miami Marlins : RHP John Dinsmore
Pitching: RHP John Dinsmore
Batting: RHB Jason May 0-0: Ball
1-0: Foul Ball, location: 2F
1-1: Ball
2-1: Called Strike
2-2: Ball
3-2: Base on Balls
Batting: SHB Ryan Doss 0-0: Ball
1-0: Called Strike
1-1: Ball
2-1: DOUBLE (Flyball, 8RXD, EV 101.9 MPH)
Jason May to third
Batting: LHB Jack Henningar 0-0: Fly out, F7 (Flyball, 7, EV 91.2 MPH)
Batting: LHB Willis Robles 0-0: Ground out 4-3 (Groundball, 4, EV 87.5 MPH)
Jason May scores
Ryan Doss to third
Batting: RHB Sean Zielinski 0-0: Ball
1-0: Foul Ball, location: 2F
1-1: Ball
2-1: Ball
3-1: Called Strike
3-2: Base on Balls
Batting: LHB John Blair 0-0: Called Strike
0-1: Swinging Strike
0-2: Reached on error, E3 (Groundball, 34S, EV 81.2 MPH)
Ryan Doss scores
Sean Zielinski to third
Batting: RHB Nick Rigden 0-0: Called Strike
0-1: Foul Ball, location: 2F
0-2: Ball
1-2: Fly out, F3 (Popup, 34, EV 60.6 MPH)
Bottom of the 1st over - 2 runs, 1 hit, 1 error, 2 left on base; Miami 0 - San Francisco 2
TOP OF THE 2ND
Miami Marlins batting - Pitching for San Francisco Giants : RHP Curt Howland
Batting: RHB Steve Barnard 0-0: Called Strike
0-1: Ground out U3 (Groundball, 34S, EV 86.9 MPH)
Batting: RHB Roger Salazar 0-0: Ball
1-0: Ball
2-0: Foul Ball, location: 2F
2-1: Ground out 5-3 (Groundball, 56S, EV 75.6 MPH)
Batting: RHB Justin Huff 0-0: Ground out 6-3 (Groundball, 6M, EV 95.0 MPH)
Top of the 2nd over - 0 runs, 0 hits, 0 errors, 0 left on base; Miami 0 - San Francisco 2
BOTTOM OF THE 2ND
San Francisco Giants batting - Pitching for Miami Marlins : RHP John Dinsmore
Batting: RHB Kanehisa Kubo 0-0: Called Strike
0-1: Ball
1-1: Called Strike
1-2: Fly out, F8 (Flyball, 8LD, EV 105.6 MPH)
Batting: RHB Bobby Scholl 0-0: Ball
1-0: Foul Ball, location: 2F
1-1: Fly out, F8 (Flyball, 8LS, EV 86.9 MPH)
Batting: RHB Jason May 0-0: Swinging Strike
0-1: Ball
1-1: Foul Ball, location: 2F
1-2: Ball
2-2: Foul Ball, location: 2F
2-2: Ball
3-2: Foul Ball, location: 2F
3-2: Ground out U3 (Groundball, 3, EV 83.8 MPH)
Bottom of the 2nd over - 0 runs, 0 hits, 0 errors, 0 left on base; Miami 0 - San Francisco 2
TOP OF THE 3RD
Miami Marlins batting - Pitching for San Francisco Giants : RHP Curt Howland
Batting: LHB Mike Kara 0-0: Ball
1-0: Called Strike
1-1: Fly out, F8 (Flyball, 8RD, EV 109.4 MPH)
Batting: RHB Seth Tramontano 0-0: Called Strike
0-1: Called Strike
0-2: SINGLE (Groundball, 25, EV 72.5 MPH) (infield hit)
Batting: RHB Eric Jordan 0-0: Ball
1-0: Ball
2-0: Called Strike
2-1: Swinging Strike
2-2: Strikes out swinging
Batting: RHB Jeff Garofalo 0-0: Called Strike
0-1: SINGLE (Groundball, 6MD, EV 109.4 MPH)
Seth Tramontano to second
Runner from 2nd tries for 3rd, SAFE, throw by CF made to third
Jeff Garofalo to second
Batting: RHB Micah Christopher 0-0: Called Strike
0-1: Foul Ball, location: 2F
0-2: Foul Ball, location: 2F
0-2: Ground out 5-3 (Groundball, 5, EV 87.5 MPH)
Top of the 3rd over - 0 runs, 2 hits, 0 errors, 2 left on base; Miami 0 - San Francisco 2
BOTTOM OF THE 3RD
San Francisco Giants batting - Pitching for Miami Marlins : RHP John Dinsmore
Batting: SHB Ryan Doss 0-0: Called Strike
0-1: Foul Ball, location: 2F
0-2: Ball
1-2: Strikes out looking
Batting: LHB Jack Henningar 0-0: Swinging Strike
0-1: DOUBLE (Groundball, 3L, EV 111.2 MPH)
Batting: LHB Willis Robles 0-0: Called Strike
0-1: Fly out, F7 (Flyball, 7S, EV 76.9 MPH)
Batting: RHB Sean Zielinski 0-0: Ball
1-0: Ball
2-0: Ground out 5-3 (Groundball, 56S, EV 84.4 MPH)
Bottom of the 3rd over - 0 runs, 1 hit, 0 errors, 1 left on base; Miami 0 - San Francisco 2
TOP OF THE 4TH
Miami Marlins batting - Pitching for San Francisco Giants : RHP Curt Howland
Batting: LHB Andre Gorter 0-0: Ball
1-0: Ball
2-0: Ball
3-0: Base on Balls
Batting: RHB Steve Barnard 0-0: Ball
1-0: Foul Ball, location: 2F
1-1: Ball
2-1: Called Strike
2-2: Strikes out swinging
Batting: RHB Roger Salazar 0-0: Called Strike
0-1: Ball
1-1: SINGLE (Groundball, 4D, EV 98.8 MPH)
Andre Gorter to second
Runner from 2nd tries for 3rd, SAFE, throw by RF made to third
Batting: RHB Justin Huff 0-0: Ball
1-0: Swinging Strike
1-1: Foul Ball, location: 2F
1-2: Strikes out swinging
Batting: LHB Mike Kara 0-0: Ball
1-0: Called Strike
1-1: Ball
2-1: Foul Ball, location: 2F
2-2: Foul Ball, location: 2F
2-2: Ball
3-2: Fly out, F8 (Flyball, 8LXD, EV 100.0 MPH)
Top of the 4th over - 0 runs, 1 hit, 0 errors, 2 left on base; Miami 0 - San Francisco 2
BOTTOM OF THE 4TH
San Francisco Giants batting - Pitching for Miami Marlins : RHP John Dinsmore
Batting: LHB John Blair 0-0: Foul Ball, location: 2F
0-1: Called Strike
0-2: Ball
1-2: Ball
2-2: Foul Ball, location: 2F
2-2: Ball
3-2: Foul Ball, location: 2F
3-2: Base on Balls
Batting: RHB Nick Rigden 0-0: Called Strike
John Blair steals 2nd, throwing error, E2
John Blair to third
0-1: DOUBLE (Line Drive, 8RXD, EV 112.5 MPH)
John Blair scores
Batting: RHB Kanehisa Kubo 0-0: Ball
1-0: Called Strike
1-1: SINGLE (Flyball, 4D, EV 96.2 MPH)
Nick Rigden to third
Batting: RHB Bobby Scholl 0-0: Foul Ball, location: 2F
0-1: Ball
Wild Pitch!
Nick Rigden scores
Kanehisa Kubo to second
1-1: Swinging Strike
1-2: Foul Ball, location: 2F
1-2: Foul Ball, location: 2F
1-2: Strikes out swinging
Batting: RHB Jason May 0-0: Ball
1-0: Ball
2-0: Ball
3-0: Called Strike
3-1: Base on Balls
Batting: SHB Ryan Doss 0-0: Ball
1-0: Foul Ball, location: 2F
1-1: Ball
2-1: DOUBLE (Line Drive, 5D, EV 96.9 MPH)
Kanehisa Kubo scores
Jason May to third
Runner from 3rd tries for Home, SAFE, no throw by LF
Pitching: RHP Julio Espinel
Batting: LHB Jack Henningar 0-0: Foul Ball, location: 2F
0-1: Ball
1-1: Ball
2-1: Fly out, F7 (Line Drive, 78M, EV 95.6 MPH)
Batting: LHB Willis Robles 0-0: Ball
1-0: Ball
2-0: Ball
3-0: Called Strike
3-1: Base on Balls
Batting: RHB Sean Zielinski 0-0: Ball
1-0: Foul Ball, location: 2F
1-1: Foul Ball, location: 2F
1-2: Ball
2-2: Ball
3-2: Foul Ball, location: 2F
3-2: Base on Balls
Ryan Doss to third
Willis Robles to second
Batting: LHB John Blair 0-0: Ball
1-0: Called Strike
1-1: Swinging Strike
1-2: Ball
2-2: Strikes out swinging
Bottom of the 4th over - 4 runs, 3 hits, 1 error, 3 left on base; Miami 0 - San Francisco 6
TOP OF THE 5TH
Miami Marlins batting - Pitching for San Francisco Giants : RHP Curt Howland
Batting: RHB Seth Tramontano 0-0: Foul Ball, location: 2F
0-1: SOLO HOME RUN (Flyball, 89XD, EV 110.0 MPH), Distance : 432 ft
Batting: RHB Eric Jordan 0-0: Called Strike
0-1: Called Strike
0-2: Strikes out looking
Batting: RHB Jeff Garofalo 0-0: Ball
1-0: Foul Ball, location: 2F
1-1: Foul Ball, location: 2F
1-2: Fly out, F3 (Popup, 34, EV 61.2 MPH)
Batting: RHB Micah Christopher 0-0: Ball
1-0: Called Strike
1-1: Ball
2-1: Foul Ball, location: 2F
2-2: SINGLE (Flyball, 78S, EV 96.9 MPH)
Batting: LHB Andre Gorter 0-0: Ball
1-0: Ball
2-0: Fly out, F9 (Flyball, 89M, EV 91.2 MPH)
Top of the 5th over - 1 run, 2 hits, 0 errors, 1 left on base; Miami 1 - San Francisco 6
BOTTOM OF THE 5TH
San Francisco Giants batting - Pitching for Miami Marlins : RHP Julio Espinel
Batting: RHB Nick Rigden 0-0: Foul Ball, location: 2F
0-1: Swinging Strike
0-2: Ball
1-2: Ball
2-2: SINGLE (Line Drive, 9, EV 94.4 MPH)
Batting: RHB Kanehisa Kubo 0-0: Called Strike
0-1: SINGLE (Line Drive, 5D, EV 98.1 MPH)
Nick Rigden to second
Batting: RHB Bobby Scholl 0-0: Foul Ball, location: 2F
0-1: Fly out, F9 (Line Drive, 9, EV 100.6 MPH)
Batting: RHB Jason May 0-0: Ball
1-0: Ball
2-0: Called Strike
2-1: Foul Ball, location: 2F
2-2: Ball
3-2: Base on Balls
Nick Rigden to third
Kanehisa Kubo to second
Batting: SHB Ryan Doss 0-0: Ball
1-0: Grounds out, U3 (Groundball, 3L, EV 88.1 MPH)
Nick Rigden scores
Kanehisa Kubo to third
Batting: LHB Jack Henningar 0-0: Foul Ball, location: 2F
0-1: Ball
1-1: Ball
2-1: Ball
3-1: Swinging Strike
3-2: Base on Balls
Batting: LHB Willis Robles 0-0: Ball
1-0: Foul Ball, location: 2F
1-1: Ball
2-1: Ball
3-1: DOUBLE (Line Drive, 7LS, EV 94.4 MPH)
Kanehisa Kubo scores
Jason May scores
Jack Henningar to third
Runner from 3rd tries for Home, SAFE, no throw by LF
Batting: RHB Sean Zielinski 0-0: Ball
1-0: Swinging Strike
1-1: Ball
2-1: Foul Ball, location: 2F
2-2: Ball
3-2: Foul Ball, location: 2F
3-2: Base on Balls
Pitching: LHP Jerry Woods
Batting: LHB John Blair 0-0: Ball
1-0: Fly out, F8 (Flyball, 89M, EV 80.0 MPH)
Bottom of the 5th over - 4 runs, 3 hits, 0 errors, 2 left on base; Miami 1 - San Francisco 10
TOP OF THE 6TH
Miami Marlins batting - Pitching for San Francisco Giants : RHP Curt Howland
Batting: RHB Steve Barnard 0-0: Foul Ball, location: 2F
0-1: Ball
1-1: Swinging Strike
1-2: Foul Ball, location: 2F
1-2: DOUBLE (Groundball, 5L, EV 96.9 MPH)
Batting: RHB Roger Salazar 0-0: Swinging Strike
0-1: Foul Ball, location: 2F
0-2: Strikes out swinging, 2-3 out at first.
Batting: RHB Justin Huff 0-0: Called Strike
0-1: Ball
1-1: Ball
2-1: Swinging Strike
2-2: Ball
3-2: Foul Ball, location: 2F
3-2: Strikes out looking
Pitching: RHP Johnny Munoz
Batting: LHB Mike Kara 0-0: Foul Ball, location: 2F
0-1: Foul Ball, location: 2F
0-2: Ball
1-2: Strikes out swinging
Top of the 6th over - 0 runs, 1 hit, 0 errors, 1 left on base; Miami 1 - San Francisco 10
BOTTOM OF THE 6TH
San Francisco Giants batting - Pitching for Miami Marlins : LHP Jerry Woods
Batting: RHB Nick Rigden 0-0: Ball
1-0: Ball
2-0: Ground out 5-3 (Groundball, 5S, EV 76.9 MPH)
Batting: RHB Kanehisa Kubo 0-0: Called Strike
0-1: Ball
1-1: Foul Ball, location: 2F
1-2: Foul Ball, location: 2F
1-2: Strikes out looking
Batting: RHB Bobby Scholl 0-0: Called Strike
0-1: Foul Ball, location: 2F
0-2: SOLO HOME RUN (Flyball, 78XD, EV 107.5 MPH), Distance : 412 ft
Batting: RHB Jason May 0-0: Ball
1-0: Ball
2-0: Called Strike
2-1: Foul Ball, location: 2F
2-2: Hit by Pitch
Batting: SHB Ryan Doss 0-0: Ball
1-0: Swinging Strike
1-1: Ball
2-1: Fielders Choice at 2nd, 6-4 (Groundball, 6, EV 101.9 MPH)
Bottom of the 6th over - 1 run, 1 hit, 0 errors, 1 left on base; Miami 1 - San Francisco 11
TOP OF THE 7TH
Miami Marlins batting - Pitching for San Francisco Giants : RHP Johnny Munoz
Batting: RHB Seth Tramontano 0-0: Called Strike
0-1: Ball
1-1: Called Strike
1-2: Strikes out swinging, 2-3 out at first.
Batting: RHB Eric Jordan 0-0: Foul Ball, location: 2F
0-1: Called Strike
0-2: Ground out 6-3 (Groundball, 6, EV 103.1 MPH)
Batting: RHB Jeff Garofalo 0-0: Called Strike
0-1: Swinging Strike
0-2: SINGLE (Groundball, 34D, EV 96.2 MPH)
Pinch Hitting: RHB Tommy Hughes 0-0: Ball
1-0: Foul Ball, location: 2F
1-1: Called Strike
1-2: Ball
Jeff Garofalo steals 2nd base (no throw)
2-2: Strikes out looking
Top of the 7th over - 0 runs, 1 hit, 0 errors, 1 left on base; Miami 1 - San Francisco 11
BOTTOM OF THE 7TH
San Francisco Giants batting - Pitching for Miami Marlins : LHP Jerry Woods
Now at 1B: Justin Huff
Now at 2B: Tommy Hughes
Batting: RHB Tom Beckman 0-0: Fly out, F7 (Flyball, 7D, EV 98.1 MPH)
Batting: LHB Willis Robles 0-0: Ball
1-0: Ball
2-0: Ball
3-0: Fly out, F2 (Popup, 23F, EV 90.0 MPH)
Batting: RHB Sean Zielinski 0-0: Called Strike
0-1: Called Strike
0-2: Foul Ball, location: 2F
0-2: Strikes out swinging
Bottom of the 7th over - 0 runs, 0 hits, 0 errors, 0 left on base; Miami 1 - San Francisco 11
TOP OF THE 8TH
Miami Marlins batting - Pitching for San Francisco Giants : RHP Johnny Munoz
Batting: LHB Andre Gorter 0-0: Called Strike
0-1: Ball
1-1: Swinging Strike
1-2: Ball
2-2: Ball
3-2: Strikes out swinging
Batting: RHB Steve Barnard 0-0: Called Strike
0-1: Ball
1-1: Ball
2-1: Called Strike
2-2: SINGLE (Groundball, 56D, EV 100.6 MPH)
Pitching: LHP Tyler Stancil
Batting: RHB Roger Salazar 0-0: Ball
1-0: Foul Ball, location: 2F
1-1: Swinging Strike
1-2: Ball
2-2: Foul Ball, location: 2F
2-2: Strikes out swinging
Batting: RHB Justin Huff 0-0: Ball
1-0: Ball
2-0: Fly out, F8 (Flyball, 8LS, EV 86.9 MPH)
Top of the 8th over - 0 runs, 1 hit, 0 errors, 1 left on base; Miami 1 - San Francisco 11
BOTTOM OF THE 8TH
San Francisco Giants batting - Pitching for Miami Marlins : LHP Jerry Woods
Batting: LHB John Blair 0-0: Ball
1-0: Called Strike
1-1: Swinging Strike
1-2: Fly out, F8 (Flyball, 8LD, EV 101.9 MPH)
Batting: RHB Nick Rigden 0-0: SINGLE (Line Drive, 34, EV 99.4 MPH)
Pitching: LHP Dan Tapley
Batting: RHB Kanehisa Kubo 0-0: Swinging Strike
0-1: Foul Ball, location: 2F
0-2: Grounds into double play, 6-4-3 (Groundball, 6, EV 96.9 MPH)
Bottom of the 8th over - 0 runs, 1 hit, 0 errors, 0 left on base; Miami 1 - San Francisco 11
TOP OF THE 9TH
Miami Marlins batting - Pitching for San Francisco Giants : LHP Tyler Stancil
Batting: LHB Mike Kara 0-0: Ball
1-0: Called Strike
1-1: Ground out 4-3 (Groundball, 34, EV 80.6 MPH)
Batting: RHB Seth Tramontano 0-0: Called Strike
0-1: Foul Ball, location: 2F
0-2: Foul Ball, location: 2F
0-2: Ball
1-2: Ball
2-2: Ball
3-2: Base on Balls
Batting: RHB Eric Jordan 0-0: Called Strike
0-1: Ball
1-1: Ball
2-1: Foul Ball, location: 2F
2-2: Strikes out swinging
Batting: RHB Jeff Garofalo 0-0: Called Strike
0-1: Called Strike
0-2: Strikes out swinging
Top of the 9th over - 0 runs, 0 hits, 0 errors, 1 left on base; Miami 1 - San Francisco 11
Thursday, March 31st , 2022 - OOTP Baseball 22.12 Build 89